Devils vs Bruins

Created - Saturday, January 10, 2015 at 00:03

Goals
1 2 3 T
Devils 0 1 0 1
Bruins 1 0 2 3
Shots
1 2 3 T
Devils 4 8 6 18
Bruins 9 5 14 28

1st period

1. Bruins , Marian Hossa 17 (Jeff Petry, Anze Kopitar) at 15:51

Penalties :
Jesse Winchester (Bos) for Slashing (Minor) at 2:59, Shea Weber (Bos) for Hooking (Minor) at 8:38

2nd period

2. Devils , Brent Seabrook 10 (Drew Stafford, Jamie McGinn) at 6:38

Penalties :
Tom Wilson (Bos) for Holding (Minor) at 12:46

3rd period

3. Bruins , Anze Kopitar 20 (Matt Duchene, Shea Weber) at 1:44 (PP)
4. Bruins , Matt Duchene 29 (Anze Kopitar, Shea Weber) at 2:04 (PP)

Penalties :
Tyler Johnson (NJD) for Hooking (Minor) at 0:16, Drew Stafford (NJD) for Elbowing (Minor) at 1:35, Tim Gleason (NJD) for Tripping (Minor) at 8:07, Mark Stuart (NJD) for Tripping (Minor) at 9:11, Matt Irwin (NJD) for Interference (Minor) at 12:24, Raman Hrabarenka (Bos) for Diving (Minor) at 17:16

Goalie Stats

Jimmy Howard (NJD), 25 saves from 28 shots - (0.893), L, 13-15-5, 60:00 minutes
Jonathan Quick (Bos), 17 saves from 18 shots - (0.944), W, 26-5-3, 60:00 minutes

Players Stats for Devils

Player Name              G  A  P  +/- PIM S  H  SB GA TA FO     MP     PP MP  PK MP  
------------------------------------------------------------------------------------
Adam Burish              0  0  0   0  0   0  1  0  0  0  0/3    10:10   0:00   1:10 
Alex Tanguay             0  0  0  -1  0   1  0  0  1  0  0/1    16:24   3:54   0:00 
Brent Seabrook           1  0  1   1  0   3  0  2  1  1  0/0    26:45   3:24   5:30 
Chris Mueller            0  0  0  -1  0   1  0  0  0  0  3/7    12:12   0:00   0:00 
Drew Stafford            0  1  1   1  2   0  1  0  3  0  2/8    21:12   4:02   5:02 
Grant Clitsome           0  0  0   0  0   1  2  3  1  1  0/0    21:16   4:32   2:37 
Jamie McGinn             0  1  1   1  0   3  2  0  1  0  0/1    18:09   4:02   0:37 
Jason Akeson             0  0  0   0  0   0  0  0  0  0  0/0    10:14   0:00   0:00 
Jay Beagle               0  0  0   0  0   0  1  0  0  1  5/7    10:14   0:00   0:00 
John Carlson             0  0  0   0  0   1  0  0  1  2  0/0    14:10   0:00   0:00 
Kris Versteeg            0  0  0  -1  0   2  2  0  2  0  0/0    16:24   3:54   0:00 
Mark Stuart              0  0  0   0  2   0  6  1  0  4  0/0    24:11   3:24   3:30 
Martin Erat              0  0  0   0  0   2  0  0  0  0  0/0     9:00   0:00   0:00 
Matt Irwin               0  0  0   0  2   1  3  0  0  0  0/0    13:50   0:00   0:00 
Ryan Jones               0  0  0   0  0   0  1  0  1  0  0/0    10:14   0:00   0:00 
Tim Gleason              0  0  0  -1  2   1  1  1  0  1  0/0    21:11   4:32   2:06 
Tyler Johnson            0  0  0   1  2   1  1  0  2  0  7/15   17:29   3:54   0:37 
Ville Leino              0  0  0   0  0   1  1  0  1  0  0/3    18:56   4:02   5:05 

Players Stats for Bruins

Player Name              G  A  P  +/- PIM S  H  SB GA TA FO     MP     PP MP  PK MP  
------------------------------------------------------------------------------------
Andre Benoit             0  0  0   0  0   2  1  3  1  1  0/0    16:57   0:15   4:06 
Anze Kopitar             1  2  3   1  0   7  2  0  3  0  13/20  19:09   4:04   0:00 
Brenden Dillon           0  0  0   0  0   0  3  3  0  1  0/0    20:18   0:00   3:50 
Jeff Petry               0  1  1   0  0   3  2  0  0  0  0/0    26:28   4:57   4:06 
Jesse Winchester         0  0  0   0  2   2  0  0  0  1  1/5     8:27   0:00   0:35 
Jonas Brodin             0  0  0   0  0   0  1  1  0  2  0/0    19:42   0:00   3:50 
Marian Hossa             1  0  1   1  0   1  1  1  4  0  0/0    18:10   2:46   0:00 
Matt Duchene             1  1  2   1  0   2  1  0  3  0  0/0    19:30   4:34   0:00 
Paul Stastny             0  0  0  -1  0   1  2  0  1  0  7/10   18:10   2:46   2:36 
Raman Hrabarenka         0  0  0   0  2   0  0  1  0  0  0/0    11:19   0:00   0:00 
Ryan O'Reilly            0  0  0  -1  0   2  0  0  3  0  1/1    17:39   4:04   1:06 
Ryan Smyth               0  0  0   0  0   2  0  1  0  0  0/0    11:10   0:00   1:42 
Shea Weber               0  2  2   0  2   1  0  2  0  0  0/0    23:56   6:35   0:00 
T.J. Oshie               0  0  0  -1  0   2  0  1  2  0  0/1    14:26   2:46   0:00 
Tom Wilson               0  0  0   0  2   1  2  1  0  1  0/0     8:23   0:00   0:00 
Tommy Wingels            0  0  0   0  0   1  1  0  2  1  0/0    14:22   0:00   4:54 
Valeri Nichushkin        0  0  0   0  0   0  0  1  2  0  0/0     9:27   1:23   0:00 
Zemgus Girgensons        0  0  0   0  0   1  1  1  0  0  6/8    14:27   0:00   4:59 

3 Stars

1 - Anze Kopitar (Bos)
2 - Matt Duchene (Bos)
3 - Marian Hossa (Bos)

Power Play

Devils - 0 on 4 Attempt(s) - 0.00%
Bruins - 2 on 5 Attempt(s) - 40.00%

Penalty Kill

Devils - 3 on 5 Attempt(s) - 60.00% - Score 0 goal in Penalty Kill
Bruins - 4 on 4 Attempt(s) - 100.00% - Score 0 goal in Penalty Kill

Team Stat

Devils - Hits : 22 - Faceoff Wins : 17 - Blocked Shots : 7 - Penalty Minutes : 10
Bruins - Hits : 17 - Faceoff Wins : 28 - Blocked Shots : 16 - Penalty Minutes : 8

Official

Referees : Unknown
Linesman : Unknown

Game Notes

No Game Note

Finance

Level 1 -- Attendance: 5759 (95.98%) -- Ticket Income $460,720
Level 2 -- Attendance: 4679 (93.58%) -- Ticket Income $247,987
Level 3 -- Attendance: 2000 (100.00%) -- Ticket Income $56,000
Level 4 -- Attendance: 3797 (94.93%) -- Ticket Income $64,549
Luxury Box -- Attendance: 987 (98.70%) -- Ticket Income $173,712
Game was played at the TD Banknorth Garden'
Total Attendance: 17222 (95.68%)
Total Ticket Income: $1,002,968
Other Income: $491,454
Total Income: $1,494,422

Devils

5 vs 5 Forward 
   Center                   Left Wing                Right Wing               Time % Phy DF OF 
 1 Tyler Johnson            Drew Stafford            Jamie McGinn             35     1   2  2  
 2 Chris Mueller            Alex Tanguay             Kris Versteeg            30     1   2  2  
 3 Martin Erat              Adam Burish              Ville Leino              22     1   2  2  
 4 Jay Beagle               Ryan Jones               Jason Akeson             13     1   2  2  

5 vs 5 Defense 
   Defense                  Defense                                           Time % Phy DF OF 
 1 Brent Seabrook           John Carlson                                      35     1   2  2  
 2 Tim Gleason              Mark Stuart                                       30     1   2  2  
 3 Matt Irwin               Grant Clitsome                                    22     1   2  2  
 4 Brent Seabrook           Mark Stuart                                       13     1   2  2  

PowerPlay Forward 
   Center                   Left Wing                Right Wing               Time % Phy DF OF 
 1 Ville Leino              Drew Stafford            Jamie McGinn             60     1   2  2  
 2 Tyler Johnson            Alex Tanguay             Kris Versteeg            40     1   2  2  

PowerPlay Defense
   Defense                  Defense                                           Time % Phy DF OF 
 1 Brent Seabrook           Mark Stuart                                       60     1   2  2  
 2 Tim Gleason              Grant Clitsome                                    40     1   2  2  

Penalty Kill 4 Players Forward 
   Center                   Wing                     Time % Phy DF OF 
 1 Drew Stafford            Ville Leino              60     1   2  2  
 2 Tyler Johnson            Jamie McGinn             40     1   2  2  

Penalty Kill 4 Players Defense
   Defense                  Defense                  Time % Phy DF OF 
 1 Brent Seabrook           Mark Stuart              60     1   2  2  
 2 Tim Gleason              Grant Clitsome           40     1   2  2  

Penalty Kill - 3 Players Forward 
   Forward                                           Time % Phy DF OF 
 1 Drew Stafford                                     60     1   2  2  
 2 Chris Mueller                                     40     1   2  2  

Penalty Kill - 3 Players Defense
   Defense                  Defense                  Time % Phy DF OF 
 1 Brent Seabrook           Mark Stuart              60     1   2  2  
 2 Tim Gleason              Grant Clitsome           40     1   2  2  

4 vs 4 Forward 
   Center                   Wing                     Time % Phy DF OF 
 1 Drew Stafford            Ville Leino              60     1   2  2  
 2 Tyler Johnson            Jamie McGinn             40     1   2  2  

4 vs 4 Defense
   Defense                  Defense                  Time % Phy DF OF 
 1 Brent Seabrook           Mark Stuart              60     1   2  2  
 2 Tim Gleason              Grant Clitsome           40     1   2  2  

Last Minutes Offensive
   Center                   Left Wing                Right Wing               Defense                  Defense                  
   Tyler Johnson            Drew Stafford            Jamie McGinn             Brent Seabrook           Mark Stuart              

Last Minutes Defensive
   Center                   Left Wing                Right Wing               Defense                  Defense                  
   Chris Mueller            Drew Stafford            Jamie McGinn             Brent Seabrook           Mark Stuart              

Goaltenders
Starting : Jimmy Howard             
Backup : Thomas Greiss            

Extra Forwards
Normal : Martin Erat, Jay Beagle, Adam Burish - PP : Martin Erat, Jay Beagle - PK : Adam Burish
Extra Defensemen
Normal : Matt Irwin, Brent Seabrook, Tim Gleason - PP : Matt Irwin - PK : Tim Gleason, Grant Clitsome
Penalty Shots
Drew Stafford, Chris Mueller, Tyler Johnson, Jamie McGinn, Alex Tanguay

Bruins

5 vs 5 Forward 
   Center                   Left Wing                Right Wing               Time % Phy DF OF 
 1 Anze Kopitar             Matt Duchene             Marian Hossa             40     1   2  2  
 2 Paul Stastny             Ryan O'Reilly            T.J. Oshie               30     1   2  2  
 3 Zemgus Girgensons        Ryan Smyth               Tommy Wingels            20     1   2  2  
 4 Jesse Winchester         Valeri Nichushkin        Tom Wilson               10     2   2  1  

5 vs 5 Defense 
   Defense                  Defense                                           Time % Phy DF OF 
 1 Shea Weber               Jeff Petry                                        40     1   2  2  
 2 Brenden Dillon           Jonas Brodin                                      35     1   2  2  
 3 Raman Hrabarenka         Andre Benoit                                      20     1   2  2  
 4 Shea Weber               Jeff Petry                                        5      1   2  2  

PowerPlay Forward 
   Center                   Left Wing                Right Wing               Time % Phy DF OF 
 1 Anze Kopitar             Matt Duchene             Ryan O'Reilly            60     1   0  4  
 2 Paul Stastny             T.J. Oshie               Marian Hossa             40     1   0  4  

PowerPlay Defense
   Defense                  Defense                                           Time % Phy DF OF 
 1 Shea Weber               Jeff Petry                                        60     1   1  3  
 2 Shea Weber               Matt Duchene                                      40     1   1  3  

Penalty Kill 4 Players Forward 
   Center                   Wing                     Time % Phy DF OF 
 1 Zemgus Girgensons        Tommy Wingels            60     1   3  1  
 2 Jesse Winchester         Ryan Smyth               40     1   3  1  

Penalty Kill 4 Players Defense
   Defense                  Defense                  Time % Phy DF OF 
 1 Brenden Dillon           Jonas Brodin             50     1   3  1  
 2 Jeff Petry               Andre Benoit             50     1   3  1  

Penalty Kill - 3 Players Forward 
   Forward                                           Time % Phy DF OF 
 1 Zemgus Girgensons                                 60     1   4  0  
 2 Jesse Winchester                                  40     1   4  0  

Penalty Kill - 3 Players Defense
   Defense                  Defense                  Time % Phy DF OF 
 1 Jonas Brodin             Brenden Dillon           55     1   4  0  
 2 Jeff Petry               Andre Benoit             45     1   4  0  

4 vs 4 Forward 
   Center                   Wing                     Time % Phy DF OF 
 1 Anze Kopitar             Marian Hossa             60     1   1  3  
 2 Paul Stastny             Matt Duchene             40     1   2  2  

4 vs 4 Defense
   Defense                  Defense                  Time % Phy DF OF 
 1 Shea Weber               Jeff Petry               60     1   2  2  
 2 Brenden Dillon           Jonas Brodin             40     1   2  2  

Last Minutes Offensive
   Center                   Left Wing                Right Wing               Defense                  Defense                  
   Anze Kopitar             Matt Duchene             Marian Hossa             Shea Weber               Raman Hrabarenka         

Last Minutes Defensive
   Center                   Left Wing                Right Wing               Defense                  Defense                  
   Anze Kopitar             Ryan O'Reilly            Marian Hossa             Shea Weber               Jeff Petry               

Goaltenders
Starting : Jonathan Quick           
Backup : Peter Budaj              

Extra Forwards
Normal : Valeri Nichushkin, Tommy Wingels, Ryan Smyth - PP : Valeri Nichushkin, Tommy Wingels - PK : Paul Stastny
Extra Defensemen
Normal : Brenden Dillon, Andre Benoit, Shea Weber - PP : Andre Benoit - PK : Andre Benoit, Shea Weber
Penalty Shots
T.J. Oshie, Ryan O'Reilly, Anze Kopitar, Matt Duchene, Valeri Nichushkin

% Time on Ice - Devils

Lines # - Real PCT - Wanted PCT - Time Play
Normal Forward
1 - 27% - 35% - 12:08
2 - 31% - 30% - 13:52
3 - 20% - 22% - 9:00
4 - 23% - 13% - 10:14
Normal Defense
1 - 35% - 35% - 15:40
2 - 32% - 30% - 14:24
3 - 29% - 22% - 12:59
4 - 5% - 13% - 2:11
PP Forward
1 - 51% - 60% - 4:02
2 - 49% - 40% - 3:54
PP Defense
1 - 43% - 60% - 3:24
2 - 57% - 40% - 4:32
PK Forward
1 - 89% - 60% - 5:09
2 - 11% - 40% - 0:37
PK Defense
1 - 73% - 60% - 4:13
2 - 27% - 40% - 1:33
PK3 Forward
1 - 100% - 60% - 1:04
2 - 0% - 40% - 0:00
PK3 Defense
1 - 0% - 60% - 0:00
2 - 100% - 40% - 1:04
44 Forward
1 - 0% - 60%
2 - 0% - 40%
44 Defense
1 - 0% - 60%
2 - 0% - 40%
Last Minute Offensive  - 0:00
Last Minute Defensive  - 0:00
Total
Forward - 60:00
Defense - 60:00

% Time on Ice - Bruins

Lines # - Real PCT - Wanted PCT - Time Play
Normal Forward
1 - 36% - 40% - 16:13
2 - 26% - 30% - 11:40
3 - 21% - 20% - 9:28
4 - 17% - 10% - 7:53
Normal Defense
1 - 38% - 40% - 17:01
2 - 37% - 35% - 16:34
3 - 25% - 20% - 11:19
4 - 1% - 5% - 0:20
PP Forward
1 - 60% - 60% - 4:04
2 - 40% - 40% - 2:46
PP Defense
1 - 72% - 60% - 4:57
2 - 28% - 40% - 1:53
PK Forward
1 - 79% - 60% - 6:14
2 - 21% - 40% - 1:42
PK Defense
1 - 48% - 50% - 3:50
2 - 52% - 50% - 4:06
PK3 Forward
1 - 0% - 60%
2 - 0% - 40%
PK3 Defense
1 - 0% - 55%
2 - 0% - 45%
44 Forward
1 - 0% - 60%
2 - 0% - 40%
44 Defense
1 - 0% - 60%
2 - 0% - 40%
Last Minute Offensive  - 0:00
Last Minute Defensive  - 0:00
Total
Forward - 60:00
Defense - 60:00

Play by Play

1st period


0:01 of 1st period - Anze Kopitar wins face-off versus Tyler Johnson in neutral zone.
0:12 of 1st period - Snap shot by John Carlson.
0:12 of 1st period - Deflect By Tyler Johnson.
0:12 of 1st period - Shot Blocked by Marian Hossa.
0:12 of 1st period - Puck is out of play.
0:13 of 1st period - Tyler Johnson wins face-off versus Anze Kopitar in Bruins zone.
1:53 of 1st period - Backhand shot by Martin Erat.
1:53 of 1st period - Stopped by Jonathan Quick with a rebound.
1:55 of 1st period - Slapshot by Grant Clitsome.
1:55 of 1st period - Shot Blocked by Ryan Smyth.
1:57 of 1st period - Slapshot by Matt Irwin.
1:57 of 1st period - Shot Blocked by Zemgus Girgensons.
1:59 of 1st period - Snap shot by Adam Burish.
1:59 of 1st period - Shot Misses the Net.
2:05 of 1st period - Snap shot by Ville Leino.
2:05 of 1st period - Shot Blocked by Brenden Dillon.
2:59 of 1st period - Minor Penalty to Jesse Winchester for Slashing.
3:00 of 1st period - Zemgus Girgensons wins face-off versus Ville Leino in Bruins zone.
3:18 of 1st period - Slapshot by Ville Leino.
3:18 of 1st period - Shot Misses the Net.
3:43 of 1st period - Andre Benoit is hit by Kris Versteeg and loses puck.
4:48 of 1st period - Brent Seabrook is hit by Tommy Wingels and loses puck.
4:59 of 1st period - Penalty to Jesse Winchester is over, Jesse Winchester is back on ice.
5:07 of 1st period - Tim Gleason is hit by Anze Kopitar and loses puck.
5:30 of 1st period - Brenden Dillon is hit by Tim Gleason.
6:00 of 1st period - Wrist shot by Valeri Nichushkin.
6:00 of 1st period - Shot Misses the Net.
6:02 of 1st period - Slapshot by Shea Weber.
6:02 of 1st period - Stopped by Jimmy Howard with a rebound.
6:04 of 1st period - Slapshot by Jesse Winchester.
6:04 of 1st period - Stopped by Jimmy Howard without a rebound.
6:05 of 1st period - Paul Stastny wins face-off versus Tyler Johnson in Devils zone.
6:42 of 1st period - Tom Wilson is hit by Matt Irwin and loses puck.
6:51 of 1st period - Snap shot by Valeri Nichushkin.
6:51 of 1st period - Shot Misses the Net.
7:03 of 1st period - Raman Hrabarenka is hit by Grant Clitsome and loses puck.
7:18 of 1st period - Snap shot by Anze Kopitar.
7:18 of 1st period - Deflect By Matt Duchene.
7:18 of 1st period - Shot Misses the Net.
7:18 of 1st period - Puck is out of play.
7:19 of 1st period - Jay Beagle wins face-off versus Anze Kopitar in Devils zone.
7:32 of 1st period - Snap shot by Ryan Jones.
7:32 of 1st period - Shot Misses the Net.
7:38 of 1st period - Snap shot by Ryan Jones.
7:38 of 1st period - Shot Blocked by Jonas Brodin.
7:48 of 1st period - Mark Stuart is hit by Marian Hossa and loses puck.
8:11 of 1st period - Shea Weber is hit by Mark Stuart.
8:38 of 1st period - Minor Penalty to Shea Weber for Hooking.
8:39 of 1st period - Zemgus Girgensons wins face-off versus Tyler Johnson in Bruins zone.
9:17 of 1st period - Tyler Johnson is hit by Brenden Dillon and loses puck.
9:44 of 1st period - Jonas Brodin is hit by Jamie McGinn and loses puck.
10:13 of 1st period - Tim Gleason is hit by Jonas Brodin and loses puck.
10:38 of 1st period - Penalty to Shea Weber is over, Shea Weber is back on ice.
11:50 of 1st period - Mark Stuart is hit by Anze Kopitar and loses puck.
13:06 of 1st period - Slapshot by Matt Irwin.
13:06 of 1st period - Shot Blocked by Andre Benoit.
13:10 of 1st period - Snap shot by Grant Clitsome.
13:10 of 1st period - Stopped by Jonathan Quick with a rebound.
13:12 of 1st period - Slapshot by Matt Irwin.
13:12 of 1st period - Shot Blocked by T.J. Oshie.
13:33 of 1st period - Slapshot by John Carlson.
13:33 of 1st period - Shot Blocked by Andre Benoit.
13:35 of 1st period - Snap shot by Chris Mueller.
13:35 of 1st period - Stopped by Jonathan Quick without a rebound.
13:36 of 1st period - Anze Kopitar wins face-off versus Chris Mueller in Bruins zone.
13:45 of 1st period - Wrist shot by Anze Kopitar.
13:45 of 1st period - Shot Misses the Net.
13:47 of 1st period - Snap shot by Jeff Petry.
13:47 of 1st period - Stopped by Jimmy Howard with a rebound.
13:49 of 1st period - Slapshot by Shea Weber.
13:49 of 1st period - Deflect By Anze Kopitar.
13:49 of 1st period - Stopped by Jimmy Howard without a rebound.
13:50 of 1st period - Anze Kopitar wins face-off versus Tyler Johnson in Devils zone.
13:59 of 1st period - Slapshot by Anze Kopitar.
13:59 of 1st period - Stopped by Jimmy Howard with a rebound.
14:01 of 1st period - Snap shot by Anze Kopitar.
14:01 of 1st period - Stopped by Jimmy Howard without a rebound.
14:02 of 1st period - Tyler Johnson wins face-off versus Zemgus Girgensons in Devils zone.
14:17 of 1st period - Wrist shot by Ryan Smyth.
14:17 of 1st period - Stopped by Jimmy Howard with a rebound.
14:39 of 1st period - Snap shot by Tommy Wingels.
14:39 of 1st period - Shot Blocked by Grant Clitsome.
14:45 of 1st period - Brenden Dillon is hit by Matt Irwin and loses puck.
14:56 of 1st period - Snap shot by Ryan Jones.
14:56 of 1st period - Shot Blocked by Brenden Dillon.
15:49 of 1st period - Slapshot by Jeff Petry.
15:49 of 1st period - Shot Misses the Net.
15:51 of 1st period - Slapshot by Marian Hossa.
15:51 of 1st period - Goal by Marian Hossa - Devils : 0 - Bruins : 1.
15:52 of 1st period - Tyler Johnson wins face-off versus Paul Stastny in neutral zone.
16:41 of 1st period - John Carlson is hit by Jeff Petry and loses puck.
17:02 of 1st period - Slapshot by Anze Kopitar.
17:02 of 1st period - Shot Misses the Net.
17:04 of 1st period - Wrist shot by Anze Kopitar.
17:04 of 1st period - Stopped by Jimmy Howard without a rebound.
17:05 of 1st period - Jesse Winchester wins face-off versus Chris Mueller in Devils zone.
17:10 of 1st period - Wrist shot by Valeri Nichushkin.
17:10 of 1st period - Shot Blocked by Mark Stuart.
17:20 of 1st period - Snap shot by Alex Tanguay.
17:20 of 1st period - Shot Misses the Net.
17:22 of 1st period - Slapshot by Tim Gleason.
17:22 of 1st period - Stopped by Jonathan Quick with a rebound.
17:51 of 1st period - Tom Wilson is hit by Mark Stuart and loses puck.
18:00 of 1st period - Slapshot by Grant Clitsome.
18:00 of 1st period - Shot Blocked by Tom Wilson.
18:02 of 1st period - Snap shot by Ryan Jones.
18:02 of 1st period - Shot Misses the Net.
18:04 of 1st period - Slapshot by Ryan Jones.
18:04 of 1st period - Shot Misses the Net.
18:08 of 1st period - Wrist shot by Jay Beagle.
18:08 of 1st period - Deflect By Ryan Jones.
18:08 of 1st period - Shot Misses the Net.
18:08 of 1st period - Puck is out of play.
18:09 of 1st period - Paul Stastny wins face-off versus Tyler Johnson in Bruins zone.
19:11 of 1st period - Martin Erat is hit by Brenden Dillon and loses puck.
19:48 of 1st period - Grant Clitsome is hit by Zemgus Girgensons and loses puck.
19:59 of 1st period - Slapshot by Tommy Wingels.
19:59 of 1st period - Shot Blocked by Grant Clitsome.
Goals for this period are 0 for Devils vs 1 for Bruins.
Shots for this period are 4 for Devils vs 9 for Bruins.

2nd period


0:01 of 2nd period - Paul Stastny wins face-off versus Tyler Johnson in neutral zone.
0:22 of 2nd period - Jeff Petry is hit by Tyler Johnson and loses puck.
1:42 of 2nd period - Snap shot by Tommy Wingels.
1:42 of 2nd period - Shot Blocked by Tim Gleason.
2:24 of 2nd period - Slapshot by Martin Erat.
2:24 of 2nd period - Stopped by Jonathan Quick without a rebound.
2:25 of 2nd period - Paul Stastny wins face-off versus Jay Beagle in Bruins zone.
2:47 of 2nd period - Wrist shot by Ryan Jones.
2:47 of 2nd period - Shot Blocked by Shea Weber.
3:01 of 2nd period - Paul Stastny is hit by Jay Beagle and loses puck.
3:33 of 2nd period - Drew Stafford is hit by Matt Duchene and loses puck.
4:23 of 2nd period - Tommy Wingels is hit by Mark Stuart and loses puck.
4:34 of 2nd period - Snap shot by Zemgus Girgensons.
4:34 of 2nd period - Stopped by Jimmy Howard without a rebound.
4:35 of 2nd period - Jay Beagle wins face-off versus Jesse Winchester in Devils zone.
4:56 of 2nd period - Snap shot by Ryan Jones.
4:56 of 2nd period - Shot Misses the Net.
4:58 of 2nd period - Snap shot by John Carlson.
4:58 of 2nd period - Shot Blocked by Valeri Nichushkin.
5:00 of 2nd period - Slapshot by John Carlson.
5:00 of 2nd period - Shot Misses the Net.
5:02 of 2nd period - Backhand shot by John Carlson.
5:02 of 2nd period - Shot Misses the Net.
5:04 of 2nd period - Wrist shot by John Carlson.
5:04 of 2nd period - Stopped by Jonathan Quick with a rebound.
5:06 of 2nd period - Slapshot by Brent Seabrook.
5:06 of 2nd period - Stopped by Jonathan Quick without a rebound.
5:07 of 2nd period - Tyler Johnson wins face-off versus Paul Stastny in Bruins zone.
5:32 of 2nd period - Snap shot by Tyler Johnson.
5:32 of 2nd period - Deflect By Jamie McGinn.
5:32 of 2nd period - Stopped by Jonathan Quick without a rebound.
5:33 of 2nd period - Anze Kopitar wins face-off versus Alex Tanguay in Bruins zone.
6:00 of 2nd period - Wrist shot by Alex Tanguay.
6:00 of 2nd period - Stopped by Jonathan Quick without a rebound.
6:01 of 2nd period - Paul Stastny wins face-off versus Jamie McGinn in Bruins zone.
6:12 of 2nd period - Snap shot by Ryan O'Reilly.
6:12 of 2nd period - Stopped by Jimmy Howard without a rebound.
6:13 of 2nd period - Paul Stastny wins face-off versus Drew Stafford in Devils zone.
6:20 of 2nd period - Mark Stuart is hit by Paul Stastny and loses puck.
6:34 of 2nd period - Snap shot by Drew Stafford.
6:34 of 2nd period - Shot Misses the Net.
6:36 of 2nd period - Slapshot by Brent Seabrook.
6:36 of 2nd period - Stopped by Jonathan Quick with a rebound.
6:38 of 2nd period - Slapshot by Brent Seabrook.
6:38 of 2nd period - Goal by Brent Seabrook - Devils : 1 - Bruins : 1.
6:39 of 2nd period - Anze Kopitar wins face-off versus Chris Mueller in neutral zone.
6:57 of 2nd period - Chris Mueller is hit by Jeff Petry and loses puck.
7:55 of 2nd period - Snap shot by Jamie McGinn.
7:55 of 2nd period - Shot Blocked by Shea Weber.
7:57 of 2nd period - Wrist shot by Tyler Johnson.
7:57 of 2nd period - Shot Misses the Net.
8:53 of 2nd period - Off-side.
8:54 of 2nd period - Jay Beagle wins face-off versus Anze Kopitar in neutral zone.
9:09 of 2nd period - Snap shot by Anze Kopitar.
9:09 of 2nd period - Stopped by Jimmy Howard with a rebound.
9:17 of 2nd period - Anze Kopitar is hit by Ryan Jones and loses puck.
10:33 of 2nd period - John Carlson is hit by Brenden Dillon and loses puck.
10:42 of 2nd period - Wrist shot by T.J. Oshie.
10:42 of 2nd period - Stopped by Jimmy Howard with a rebound.
11:18 of 2nd period - Wrist shot by Drew Stafford.
11:18 of 2nd period - Shot Misses the Net.
12:46 of 2nd period - Minor Penalty to Tom Wilson for Holding.
12:47 of 2nd period - Zemgus Girgensons wins face-off versus Ville Leino in Bruins zone.
13:12 of 2nd period - Brenden Dillon is hit by Mark Stuart and loses puck.
13:32 of 2nd period - Brenden Dillon is hit by Kris Versteeg and loses puck.
14:18 of 2nd period - Jeff Petry is hit by Grant Clitsome and loses puck.
14:46 of 2nd period - Penalty to Tom Wilson is over, Tom Wilson is back on ice.
14:54 of 2nd period - Raman Hrabarenka is hit by Mark Stuart and loses puck.
16:08 of 2nd period - Slapshot by Andre Benoit.
16:08 of 2nd period - Stopped by Jimmy Howard without a rebound.
16:09 of 2nd period - Chris Mueller wins face-off versus Jesse Winchester in Devils zone.
16:26 of 2nd period - Wrist shot by Kris Versteeg.
16:26 of 2nd period - Stopped by Jonathan Quick with a rebound.
16:28 of 2nd period - Slapshot by Mark Stuart.
16:28 of 2nd period - Shot Blocked by Raman Hrabarenka.
16:30 of 2nd period - Slapshot by Mark Stuart.
16:30 of 2nd period - Shot Blocked by Andre Benoit.
16:32 of 2nd period - Wrist shot by Chris Mueller.
16:32 of 2nd period - Shot Misses the Net.
16:42 of 2nd period - Mark Stuart is hit by Tom Wilson and loses puck.
18:27 of 2nd period - Wrist shot by Ryan Smyth.
18:27 of 2nd period - Shot Misses the Net.
18:29 of 2nd period - Snap shot by Ryan Smyth.
18:29 of 2nd period - Shot Misses the Net.
19:07 of 2nd period - Brent Seabrook is hit by Andre Benoit and loses puck.
19:11 of 2nd period - Icing by Brent Seabrook.
19:12 of 2nd period - Jay Beagle wins face-off versus Jesse Winchester in Devils zone.
Goals for this period are 1 for Devils vs 0 for Bruins.
Shots for this period are 8 for Devils vs 5 for Bruins.

3rd period


0:01 of 3rd period - Anze Kopitar wins face-off versus Tyler Johnson in neutral zone.
0:16 of 3rd period - Minor Penalty to Tyler Johnson for Hooking.
0:17 of 3rd period - Ryan O'Reilly wins face-off versus Drew Stafford in Devils zone.
0:25 of 3rd period - Snap shot by Anze Kopitar.
0:25 of 3rd period - Shot Blocked by Brent Seabrook.
1:35 of 3rd period - Minor Penalty to Drew Stafford for Elbowing.
1:36 of 3rd period - Anze Kopitar wins face-off versus Adam Burish in Devils zone.
1:36 of 3rd period - Wrist shot by Ryan O'Reilly.
1:36 of 3rd period - Stopped by Jimmy Howard with a rebound.
1:38 of 3rd period - Slapshot by Shea Weber.
1:38 of 3rd period - Shot Misses the Net.
1:40 of 3rd period - Snap shot by Anze Kopitar.
1:40 of 3rd period - Stopped by Jimmy Howard with a rebound.
1:42 of 3rd period - Slapshot by Matt Duchene.
1:42 of 3rd period - Stopped by Jimmy Howard with a rebound.
1:44 of 3rd period - Wrist shot by Anze Kopitar.
1:44 of 3rd period - Goal by Anze Kopitar - Devils : 1 - Bruins : 2.
1:45 of 3rd period - Anze Kopitar wins face-off versus Adam Burish in neutral zone.
1:54 of 3rd period - Snap shot by Matt Duchene.
1:54 of 3rd period - Shot Misses the Net.
2:04 of 3rd period - Snap shot by Matt Duchene.
2:04 of 3rd period - Goal by Matt Duchene - Devils : 1 - Bruins : 3.
2:05 of 3rd period - Anze Kopitar wins face-off versus Chris Mueller in neutral zone.
2:27 of 3rd period - Icing by Jonas Brodin.
2:28 of 3rd period - Tyler Johnson wins face-off versus Anze Kopitar in Bruins zone.
2:58 of 3rd period - Off-side.
2:59 of 3rd period - Chris Mueller wins face-off versus T.J. Oshie in neutral zone.
3:50 of 3rd period - Slapshot by Jeff Petry.
3:50 of 3rd period - Shot Misses the Net.
3:52 of 3rd period - Slapshot by Zemgus Girgensons.
3:52 of 3rd period - Shot Misses the Net.
3:54 of 3rd period - Slapshot by Brenden Dillon.
3:54 of 3rd period - Deflect By Ryan Smyth.
3:54 of 3rd period - Stopped by Jimmy Howard without a rebound.
3:55 of 3rd period - Zemgus Girgensons wins face-off versus Tyler Johnson in Devils zone.
4:06 of 3rd period - Slapshot by Jamie McGinn.
4:06 of 3rd period - Stopped by Jonathan Quick with a rebound.
4:12 of 3rd period - Snap shot by Jamie McGinn.
4:12 of 3rd period - Stopped by Jonathan Quick without a rebound.
4:13 of 3rd period - Tyler Johnson wins face-off versus Anze Kopitar in Bruins zone.
5:26 of 3rd period - Snap shot by T.J. Oshie.
5:26 of 3rd period - Shot Misses the Net.
6:12 of 3rd period - Slapshot by Kris Versteeg.
6:12 of 3rd period - Stopped by Jonathan Quick with a rebound.
6:42 of 3rd period - Slapshot by Andre Benoit.
6:42 of 3rd period - Deflect By Tim Gleason.
6:42 of 3rd period - Stopped by Jimmy Howard without a rebound.
6:43 of 3rd period - Zemgus Girgensons wins face-off versus Jay Beagle in Devils zone.
6:44 of 3rd period - Wrist shot by Ryan Smyth.
6:44 of 3rd period - Shot Blocked by Brent Seabrook.
6:58 of 3rd period - Snap shot by Ryan Smyth.
6:58 of 3rd period - Shot Misses the Net.
7:33 of 3rd period - Slapshot by Brent Seabrook.
7:33 of 3rd period - Shot Misses the Net.
7:56 of 3rd period - Snap shot by Drew Stafford.
7:56 of 3rd period - Shot Misses the Net.
7:58 of 3rd period - Slapshot by Tyler Johnson.
7:58 of 3rd period - Stopped by Jonathan Quick without a rebound.
7:59 of 3rd period - Tyler Johnson wins face-off versus Jesse Winchester in Bruins zone.
8:07 of 3rd period - Minor Penalty to Tim Gleason for Tripping.
8:08 of 3rd period - Anze Kopitar wins face-off versus Drew Stafford in Devils zone.
8:14 of 3rd period - Slapshot by Matt Duchene.
8:14 of 3rd period - Shot Misses the Net.
8:16 of 3rd period - Snap shot by Jeff Petry.
8:16 of 3rd period - Deflect By Drew Stafford.
8:16 of 3rd period - Stopped by Jimmy Howard with a rebound.
8:18 of 3rd period - Snap shot by Jeff Petry.
8:18 of 3rd period - Stopped by Jimmy Howard without a rebound.
8:19 of 3rd period - Anze Kopitar wins face-off versus Drew Stafford in Devils zone.
9:11 of 3rd period - Minor Penalty to Mark Stuart for Tripping.
9:12 of 3rd period - Drew Stafford wins face-off versus Anze Kopitar in Devils zone.
10:00 of 3rd period - Grant Clitsome is hit by Paul Stastny and loses puck.
10:07 of 3rd period - Penalty to Tim Gleason is over, Tim Gleason is back on ice.
10:27 of 3rd period - Shea Weber is hit by Ville Leino and loses puck.
10:32 of 3rd period - Slapshot by Ville Leino.
10:32 of 3rd period - Stopped by Jonathan Quick without a rebound.
10:33 of 3rd period - Anze Kopitar wins face-off versus Adam Burish in Bruins zone.
10:38 of 3rd period - Anze Kopitar is hit by Adam Burish and loses puck.
11:01 of 3rd period - Anze Kopitar is hit by Drew Stafford and loses puck.
11:11 of 3rd period - Penalty to Mark Stuart is over, Mark Stuart is back on ice.
11:19 of 3rd period - T.J. Oshie is hit by Mark Stuart and loses puck.
11:38 of 3rd period - Wrist shot by Tyler Johnson.
11:38 of 3rd period - Shot Misses the Net.
11:40 of 3rd period - Slapshot by Matt Irwin.
11:40 of 3rd period - Stopped by Jonathan Quick without a rebound.
11:41 of 3rd period - Chris Mueller wins face-off versus Zemgus Girgensons in Bruins zone.
11:58 of 3rd period - Snap shot by Kris Versteeg.
11:58 of 3rd period - Shot Hit the Post.
12:14 of 3rd period - Slapshot by Tommy Wingels.
12:14 of 3rd period - Stopped by Jimmy Howard with a rebound.
12:24 of 3rd period - Minor Penalty to Matt Irwin for Interference.
12:25 of 3rd period - Drew Stafford wins face-off versus Paul Stastny in Devils zone.
12:50 of 3rd period - Wrist shot by T.J. Oshie.
12:50 of 3rd period - Stopped by Jimmy Howard without a rebound.
12:51 of 3rd period - Anze Kopitar wins face-off versus Drew Stafford in Devils zone.
12:58 of 3rd period - Wrist shot by Anze Kopitar.
12:58 of 3rd period - Shot Misses the Net.
13:36 of 3rd period - Slapshot by Paul Stastny.
13:36 of 3rd period - Stopped by Jimmy Howard without a rebound.
13:37 of 3rd period - Paul Stastny wins face-off versus Drew Stafford in Devils zone.
13:57 of 3rd period - Snap shot by T.J. Oshie.
13:57 of 3rd period - Shot Misses the Net.
14:24 of 3rd period - Penalty to Matt Irwin is over, Matt Irwin is back on ice.
15:34 of 3rd period - Wrist shot by Jesse Winchester.
15:34 of 3rd period - Stopped by Jimmy Howard with a rebound.
15:36 of 3rd period - Snap shot by Tom Wilson.
15:36 of 3rd period - Stopped by Jimmy Howard without a rebound.
15:37 of 3rd period - Jay Beagle wins face-off versus Anze Kopitar in Devils zone.
15:53 of 3rd period - Snap shot by Anze Kopitar.
15:53 of 3rd period - Shot Blocked by Grant Clitsome.
16:12 of 3rd period - Jonas Brodin is hit by Matt Irwin and loses puck.
16:25 of 3rd period - Snap shot by Kris Versteeg.
16:25 of 3rd period - Shot Blocked by Brenden Dillon.
17:16 of 3rd period - Minor Penalty to Raman Hrabarenka for Diving.
17:17 of 3rd period - Zemgus Girgensons wins face-off versus Ville Leino in Bruins zone.
18:56 of 3rd period - Brenden Dillon is hit by Jamie McGinn and loses puck.
19:16 of 3rd period - Penalty to Raman Hrabarenka is over, Raman Hrabarenka is back on ice.
19:41 of 3rd period - Grant Clitsome is hit by Tom Wilson and loses puck.
Goals for this period are 0 for Devils vs 2 for Bruins.
Shots for this period are 6 for Devils vs 14 for Bruins.


Output by the SimonT Hockey Simulator (STHS) for Eric Dolegowski -- Original Page W3C XHTML 1.0 Valid
Hockey Simulator - Hockey Simulation - Hockey Manager